 Dungeon Crawl Stone Soup version 0.23-a0-558-g30802b1 (console) character file.

161 Duffy the Firebug (level 5, 0/28 HPs)
             Began as a Deep Elf Fire Elementalist on Dec 11, 2018.
             Slain by a river rat (10 damage)
             ... on level 3 of the Dungeon.
             The game lasted 00:04:19 (2317 turns).

Duffy the Firebug (Deep Elf Fire Elementalist)      Turns: 2317, Time: 00:04:19

Health: 0/28       AC:  3    Str:  5    XL:     5   Next: 18%
Magic:  2/12       EV: 13    Int: 21    God:
Gold:   126        SH:  0    Dex: 15    Spells: 7/11 levels left

rFire    . . .     SeeInvis .   (no weapon)
rCold    . . .     Gourm    .   (no shield)
rNeg     . . .     Faith    .   a - +0 robe
rPois    .         Spirit   .   (no helmet)
rElec    .         Reflect  .   d - +0 cloak
rCorr    .         Harm     .   (no gloves)
MR       .....                  (no boots)
Stlth    ++........             (no amulet)
HPRegen  0.09/turn              (no ring)
MPRegen  0.13/turn              (no ring)

@: no status effects
A: no striking features
a: no special abilities


You were on level 3 of the Dungeon.
You were not hungry.

You visited 1 branch of the dungeon, and saw 3 of its levels.

You collected 126 gold pieces.

Inventory:

Armour
 a - a +0 robe (worn)
 d - a +0 cloak (worn)
Wands
 i - a wand of paralysis (10)
Scrolls
 b - 2 scrolls of fear {unknown}
 e - a scroll of blinking {unknown}
 f - 3 scrolls of remove curse {unknown}
 h - 2 scrolls of identify {unknown}
Potions
 g - a potion of invisibility {unknown}
Comestibles
 c - 6 rations


   Skills:
 - Level 2.4 Dodging
 - Level 2.4 Stealth
 + Level 3.8 Spellcasting
 * Level 4.3 Conjurations
 * Level 4.4 Fire Magic


You had 7 spell levels left.
You knew the following spells:

 Your Spells              Type           Power        Failure   Level  Hunger
h - Flame Tongue          Conj/Fire      ###..        1%          1    None
l - Conjure Flame         Conj/Fire      ###.....     6%          3    ###....

Your spell library contained the following spells:

 Spells                   Type           Power        Failure   Level  Hunger
 Throw Flame              Conj/Fire      ###...       3%          2    #......
 Inner Flame              Hex/Fire       ##......     14%         3    ###....
 Sticky Flame             Conj/Fire      ###.....     21%         4    ####...
 Fireball                 Conj/Fire      ###.......   50%         5    ######.


Dungeon Overview and Level Annotations

Branches:
Dungeon (3/15)

Altars:
Makhleb

Annotations:
D:2 Sigmund


Message History

Press: ? - help, Shift-Dir - straight line, f/p - worm
Aim: a worm (heavily wounded)
The flame tongue hits the worm.
You kill the worm!
The river rat bites you.
Casting: Flame Tongue (safe; 1% risk of failure)
Confirm with . or Enter, or press ? or * to list all spells.
Aiming: Flame Tongue (safe; 1% risk of failure)
Press: ? - help, Shift-Dir - straight line, f - river rat
Aim: a river rat The flame tongue misses the river rat.
The river rat bites you!
Casting: Flame Tongue (safe; 1% risk of failure)
Confirm with . or Enter, or press ? or * to list all spells.
Aiming: Flame Tongue (safe; 1% risk of failure)
Press: ? - help, Shift-Dir - straight line, f/p - river rat
Aim: a river rat The flame tongue hits the river rat.
The river rat is heavily wounded.
The river rat bites you!
You die...

#.##.#+######..#.# #...#
##......#....%).#.# #...#
#..$.......####.#.# #...#
#............%.)#.# #...#
#.......(%.####...####...#
#..........##.)...%%.....#
#..........##.#......%%...
#####'#######.############
#...@.# #.# ########r###.#
.......%..##.#
........#.##.########
..........##.......<.
?...~.....###########
..~~~~~.w.# # ####~#~#~~#
######### ~~~~~~~#
#.......#


You could see a river rat.

Vanquished Creatures
  An orc priest (D:3)
  A river rat (D:3)
  2 adders (D:3)
  4 oozes
  2 worms (D:3)
  A dart slug (D:3)
  3 orcs (D:3)
  5 bats
  3 giant cockroaches
  6 goblins
  11 hobgoblins
  9 jackals (D:1)
  4 quokkas
  3 ball pythons
  3 frilled lizards
  9 kobolds
  5 rats
72 creatures vanquished.

Notes
Turn   | Place    | Note
-------+----------+-------------------------------------------
     0 | D:1      | Duffy the Deep Elf Fire Elementalist began the quest for
                  | the Orb.
     0 | D:1      | Reached XP level 1. HP: 10/10 MP: 6/6
    12 | D:1      | Noticed an electric eel
   158 | D:1      | Reached XP level 2. HP: 15/15 MP: 4/8
   694 | D:1      | Reached XP level 3. HP: 19/19 MP: 5/9
   752 | D:1      | Learned a level 3 spell: Conjure Flame
  1567 | D:2      | Found a burning altar of Makhleb.
  1677 | D:2      | Noticed Sigmund
  1887 | D:3      | Reached XP level 4. HP: 22/24 MP: 5/10
  2173 | D:3      | Reached XP level 5. HP: 28/28 MP: 1/12
  2317 | D:3      | Slain by a river rat

Vault maps used:
D:1:      arrival_aquarium_a, supply_closet_lemuel
D:2:      overflow_temple_1_default, serial_aquarium, aquarium_bridge_straight,
          aquarium_window_1, aquarium_window_fake, aquarium_window_1,
          aquarium_window_corridor_3, aquarium_view_2e, aquarium_view_2b,
          aquarium_balcony_3a, aquarium_pool_2, uniq_sigmund, uniq_terence,
          uniq_jessica
D:3:      nicolae_overflow_hidden_temple, lightli_sewer_entry_pipes

Skill      XL: |  1  2  3  4 |
---------------+-------------+-----
Conjurations   | 2 3 4 |  4.3
Fire Magic     | 4 |  4.4
Dodging        | |  2.4
Stealth        | |  2.4
Spellcasting   | |  3.8

Action                   |  1- 3 |  4- 6 || total
-------------------------+-------+-------++-------
 Cast: Flame Tongue      |    85 |    45 ||   130
  Eat: Chunk             |     3 |     1 ||     4
Armor: Robe              |     4 |     3 ||     7
Dodge: Dodged            |    30 |    13 ||    43

Table legend:
 A = Non-vault XP
 B = Vault XP
 C = Vault XP percentage of total XP
 D = Non-vault monster count
 E = Vault monster count
 F = Vault count percentage of total count
                 A         B        C        D         E       F
            +---------+---------+-------+---------+---------+-------
      Total |     209 |      21 |   9.1 |      69 |       3 |   4.2
            +---------+---------+-------+---------+---------+-------
        D:1 |      71 |       0 |   0.0 |      34 |       0 |   0.0
        D:2 |      11 |       0 |   0.0 |       8 |       0 |   0.0
        D:3 |     127 |      21 |  14.2 |      27 |       3 |  10.0
            +---------+---------+-------+---------+---------+-------
